 Dungeon Crawl Stone Soup version 0.31-a0-865-g3d5d91748a (console) character file.

Game seed: 13429816900417729809

2392098 Valoriumal the Plane Walker (level 27, 209/209 HPs)
             Began as a Barachi Necromancer on Oct 10, 2023.
             Was the Champion of Hepliaklqana.
             Escaped with the Orb
             ... and 4 runes!
             The game lasted 06:59:21 (68908 turns).

Valoriumal the Plane Walker (Barachi Necromancer)  Turns: 68908, Time: 06:59:21

Health: 209/209    AC: 46    Str: 14    XL:     27
Magic:  30/30      EV: 15    Int: 19    God:    Hepliaklqana [******]
Gold:   2508       SH: 27    Dex: 21    Spells: 9/36 levels left

rFire   + + .        a - +11 Singing Sword {sonic wave}
rCold   . . .        s - +4 tower shield {rN+}
rNeg    + . .        g - +10 storm dragon scales
rPois   +            w - +2 helmet
rElec   +            V - +4 dragonskin cloak
rCorr   +            N - +0 pair of gloves "Lehaf" {rF+ Dex+2}
SInv    .            O - +2 pair of boots
Will    +++..        Q - amulet of regeneration Stlth
                     h - ring of protection from fire
HPRegen 1.34/turn    e - ring "Qalybikk" {rPois rC+ rCorr Slay+6}
MPRegen 0.22/turn

%: no passive effects
@: studying 4 skills, slow
A: reduced essence, amphibious, slowness 1, strong legs 2, +LOS, strong-willed
1, poison resistance, cold vulnerability 1
0: Orb of Zot
}: 4/15 runes: serpentine, barnacled, slimy, silver
a: Hop, Renounce Religion, Recall Ancestor, Ancestor Identity, Transference,
Idealise


You escaped.
You worshipped Hepliaklqana.
Hepliaklqana was exalted by your worship.
You visited 12 branches of the dungeon, and saw 56 of its levels.
You also visited: Trove, Bailey, Gauntlet, Ice Cave and Volcano.

You collected 10072 gold pieces.
You spent 7564 gold pieces at shops.

Inventory:

Hand Weapons
 a - the +11 Singing Sword (weapon) {sonic wave}
   (You took it off an orc priest on level 13 of the Dungeon)
Missiles
 C - 17 javelins
 T - 11 throwing nets
 W - 7 curare-tipped darts
 X - 26 silver javelins
 Z - 24 boomerangs (quivered)
Armour
 g - +10 storm dragon scales (worn)
 s - a +4 tower shield of positive energy (worn)
 w - a +2 helmet (worn)
 N - the +0 pair of gloves "Lehaf" (worn) {rF+ Dex+2}
   (You found it on level 5 of the Pits of Slime)

   Dex+2:     It affects your dexterity (+2).
   rF+:       It protects you from fire.
 O - a +2 pair of boots (worn)
 V - the +4 dragonskin cloak (worn)
   (You took it off Tiamat on level 2 of the Realm of Zot)

   Avatar's Aegis: It grants the wearer a chance to resist fire, cold, poison,
   electricity, acid, and negative energy.
Jewellery
 e - the ring "Qalybikk" (right hand) {rPois rC+ rCorr Slay+6}
   (You bought it in a shop on level 1 of the Elven Halls)

   [ring of resist corrosion]

   Slay+6:    It affects your accuracy & damage with ranged weapons and melee
   (+6).
   rC+:       It protects you from cold.
   rPois:     It protects you from poison rCorr: It protects you from acid and
   corrosion.
 h - a ring of protection from fire (left hand)
 F - a ring of willpower
 Q - an amulet of regeneration (around neck)
 S - the ring "Vagi" {rPois rN+ Stlth+}
   (You found it on level 5 of the Pits of Slime)

   [ring of positive energy]

   rPois:     It protects you from poison rN+: It protects you from negative
   energy.
   Stlth+:    It makes you more stealthy.
Wands
 t - a wand of digging (21)
 A - a wand of charming (34)
 I - a wand of roots (50)
 K - a wand of mindburst (14)
 R - a wand of quicksilver (45)
Scrolls
 b - 6 scrolls of vulnerability
 j - 10 scrolls of blinking
 k - 10 scrolls of fog
 o - 26 scrolls of teleportation
 u - 7 scrolls of fear
 v - 9 scrolls of poison
 x - 9 scrolls of immolation
 y - 5 scrolls of summoning
 H - 3 scrolls of revelation
 Y - 3 scrolls of silence
Potions
 d - 7 potions of mutation
 f - 18 potions of curing
 m - 5 potions of ambrosia
 n - 12 potions of haste
 p - 5 potions of berserk rage
 q - 3 potions of resistance
 z - 4 potions of cancellation
 B - 16 potions of heal wounds
 G - 8 potions of attraction
 J - 11 potions of enlightenment
 L - 3 potions of lignification
 M - 7 potions of might
 P - 5 potions of magic
 U - 2 potions of invisibility
Miscellaneous
 c - a lightning rod (4/4)
 i - a box of beasts
 l - a condenser vane (inert)
 r - a sack of spiders
 D - a phantom mirror
 E - a phial of floods


   Skills:
 + Level 22.4 Fighting
 - Level 1.0(9.5) Short Blades
 - Level 15.9(16.0) Long Blades
 - Level 12.7 Axes
 - Level 0.9 Ranged Weapons
 - Level 16.0 Throwing
 + Level 22.4 Armour
 - Level 16.0 Dodging
 - Level 4.0 Stealth
 + Level 20.4 Shields
 - Level 5.0 Spellcasting
 - Level 3.6 Necromancy
 O Level 27 Translocations
 - Level 12.0 Air Magic
 - Level 10.0 Invocations
 - Level 16.0 Evocations


You had 9 spell levels left.
You knew the following spells:

 Your Spells              Type           Power      Damage    Failure   Level
a - Lesser Beckoning      Tloc           100%       N/A       0%          2
b - Passage of Golubria   Tloc           82%        N/A       1%          4
c - Disjunction           Tloc           41%        N/A       14%         8
l - Apportation           Tloc           100%       N/A       0%          1
z - Vhi's Electric Charg  Tloc/Air       100%       N/A       1%          4
P - Blink                 Tloc           100%       N/A       0%          2
Q - Dispersal             Tloc           41%        N/A       1%          6

Your spell library contained the following spells:

 Spells                   Type           Power      Damage    Failure   Level
 Gell's Gravitas          Tloc           82%        N/A       0%          3
 Teleport Other           Tloc           82%        N/A       0%          3
 Momentum Strike          Conj/Tloc      100%       3d10      1%          2
 Volatile Blastmotes      Fire/Tloc      100%       2d18      1%          3
 Manifold Assault         Tloc           82%        N/A       1%          4
 Dimensional Bullseye     Hex/Tloc       27%        N/A       5%          4
 Iskenderun's Mystic Bla  Conj/Tloc      54%        2d12      5%          4
 Shock                    Conj/Air       100%       1d9       12%         1
 Summon Forest            Summ/Tloc      27%        N/A       16%         5
 Cigotuvi's Dreadful Rot  Necr/Pois/Air  48%        N/A       26%         2
 Necrotise                Necr           72%        1d7       32%         1
 Sublimation of Blood     Necr           18%        N/A       45%         2
 Mephitic Cloud           Conj/Pois/Air  19%        N/A       63%         3
 Vampiric Draining        Necr           18%        2d7       69%         3
 Foxfire                  Conj/Fire      16%        2x1d4     82%         1
 Magic Dart               Conj           16%        1d3       82%         1
 Slow                     Hex            16%        N/A       82%         1
 Sting                    Tmut/Pois      16%        1d3       82%         1
 Summon Small Mammal      Summ           16%        N/A       82%         1
 Call Imp                 Summ           8%         N/A       91%         2
 Jinxbite                 Hex            8%         N/A       91%         2
 Scorch                   Fire           8%         2d5       91%         2
 Wereblood                Tmut           4%         N/A       91%         2
 Animate Dead             Necr           18%        N/A       97%         4
 Dispel Undead            Necr           18%        3d11      97%         4
 Arcjolt                  Conj/Air       13%        1d23      98%         5
 Silence                  Hex/Air        13%        N/A       98%         5
 Call Canine Familiar     Summ           4%         N/A       99%         3
 Confusing Touch          Hex            4%         N/A       99%         3
 Dazzling Flash           Conj/Hex       8%         N/A       99%         3
 Frozen Ramparts          Ice            8%         1d2       99%         3
 Hailstorm                Conj/Ice       4%         3d4       99%         3
 Ignite Poison            Fire/Tmut/Pois 4%         N/A       99%         3
 Inner Flame              Hex/Fire       4%         N/A       99%         3
 Ozocubu's Armour         Ice            4%         N/A       99%         3
 Sigil of Binding         Hex            4%         N/A       99%         3
 Summon Guardian Golem    Hex/Summ       4%         N/A       99%         3
 Tukima's Dance           Hex            4%         N/A       99%         3
 Malign Gateway           Summ/Tloc      27%        N/A       99%         7
 Brom's Barrelling Bould  Conj/Erth      4%         2d3       100%        4
 Flame Wave               Conj/Fire      4%         2d5       100%        4
 Fulminant Prism          Conj/Hex       2%         3d5       100%        4
 Leda's Liquefaction      Hex/Erth       2%         N/A       100%        4
 Olgreb's Toxic Radiance  Pois           4%         N/A       100%        4
 Petrify                  Tmut/Erth      4%         N/A       100%        4
 Sticky Flame             Conj/Fire      4%         2d3       100%        4
 Summon Ice Beast         Ice/Summ       4%         N/A       100%        4
 Agony                    Necr           18%        N/A       100%        5
 Alistair's Intoxication  Tmut/Pois      2%         N/A       100%        5
 Fireball                 Conj/Fire      2%         3d4       100%        5
 Freezing Cloud           Conj/Ice/Air   9%         6-21      100%        5
 Irradiate                Conj/Tmut      2%         3d12      100%        5
 Iskenderun's Battlesphe  Conj           4%         2d6       100%        5
 Lee's Rapid Deconstruct  Erth           2%         3d4*      100%        5
 Metabolic Englaciation   Hex/Ice        2%         N/A       100%        5
 Yara's Violent Unravell  Hex/Tmut       2%         3d3       100%        5
 Bombard                  Conj/Erth      2%         9d1       100%        6
 Conjure Ball Lightning   Conj/Air       13%        3x3d6     100%        6
 Death Channel            Necr           9%         N/A       100%        6
 Eringya's Noxious Bog    Tmut/Pois      2%         4d6       100%        6
 Plasma Beam              Fire/Air       13%        2x1d24    100%        6
 Simulacrum               Ice/Necr       5%         N/A       100%        6
 Starburst                Conj/Fire      2%         6d3       100%        6
 Summon Cactus Giant      Summ           2%         N/A       100%        6
 Haunt                    Necr/Summ      5%         N/A       100%        7
 Orb of Destruction       Conj           2%         9d5       100%        7
 Ozocubu's Refrigeration  Ice            2%         4d7       100%        7
 Borgnjor's Revivificati  Necr           9%         N/A       100%        8
 Discord                  Hex            2%         N/A       100%        8
 Ignition                 Fire           2%         3d3       100%        8
 Lehudib's Crystal Spear  Conj/Erth      2%         10d2      100%        8
 Maxwell's Capacitive Co  Air            25%        ∞         100%        8
 Summon Horrible Things   Summ           2%         N/A       100%        8
 Death's Door             Necr           9%         N/A       100%        9


Dungeon Overview and Level Annotations

Branches:
Dungeon (15/15)            Temple (0/1) D:5            Lair (5/5) D:11
 Shoals (4/4) Lair:3        Snake (4/4) Lair:3        Slime (5/5) Lair:4
    Orc (2/2) D:9             Elf (3/3) Orc:2        Vaults (5/5) D:14
  Crypt (3/3) Vaults:2       Tomb (0/3) Crypt:3      Depths (4/4) D:15
   Hell (visited)             Dis (0/7) Hell            Geh (0/7) Hell
    Coc (0/7) Hell            Tar (0/7) Hell            Zot (5/5) Depths:4
 Bailey (visited)           IceCv (visited)         Volcano (visited)
Gauntlet (visited)

Altars:
Ashenzari
Hepliaklqana
Makhleb
Okawaru
Ru
Uskayaw
Vehumet
Wu Jian
Xom
Yredelemnul
Zin
The Shining One
Jiyva

Shops:
D:3 ?   D:9 **   Orc:2 (*:[   Elf:1 =:==   Elf:2 (   Shoals:3 (   Snake:3 !
Snake:4 [   Vaults:3 [   Vaults:5 (??

Portals:
Hell: Depths:1 Depths:2 Depths:3 Depths:4
Abyss: Vaults:4 Depths:2 Depths:3 Depths:4
Pandemonium: Depths:2
Ziggurat: Depths:4

Annotations:
D:15 2 exclusions
Lair:1 2 exclusions
Lair:3 4 exclusions
Elf:1 6 runed translucent doors
Depths:1 flight needed


Innate Abilities, Weirdness & Mutations

Your life essence is reduced to manifest your ancestor. (-10% HP)
You are amphibious.
You cover ground slowly.
You can hop long distances.
You have an extended range of vision and can be seen from far away.
You are strong-willed. (Will+)
Your system is resistant to poisons. (rPois)
You are vulnerable to cold. (rC-)


Message History

There is an open door here.
A shadow demon comes into view.
There is an open door here.
The shadow demon moves out of view.
(D) Dungeon (T) Temple (L) Lair (A) Shoals (P) Snake Pit (M) Slime Pits (O) Orcish Mines (E) Elven Halls (V) Vaults (C) Crypt (W) Tomb (U) Depths (H) Hell (I) Dis (G) Gehenna (X) Cocytus (Y) Tartarus (Z) Zot
Where to? (Tab/Enter - D:1 @ (x,y), ? - help)
There is a stone staircase leading up here.
There is a stone staircase leading up here.
You climb upwards.
There is a stone staircase leading down here.
You see here a +0 rapier.
There is a stone staircase leading up here.
You climb upwards.
There is a stone staircase leading down here.
There is an open door here.
There is a stone staircase leading up here.
You climb upwards.
There is a stone staircase leading down here.
Things that are here:
a +0 robe; a +0 dagger
There is a stone staircase leading up here.
You climb upwards.
There is a stone staircase leading down here.
There is an open door here.
There is an open door here.
There is a staircase leading out of the dungeon here.
Enter note: gg
Enter note: love you kat :3 Unknown command.
Unknown command.
Enter note: too bad about the title
Enter note: ` Unknown command.
Unknown command.
Unknown command.
You have escaped!

#.#####..######.##.##..........
#...................†......)...
#######..########..########....
#..# ##.# #.... #..# #.# #....
############.# ##### #.....##.#
#.....##)############
#.##@.##.............
#..R..##.######....## #.....##.#
#....## #'######.# #....##
####### ###.######.# ####....##
#.....#####....#...#.# #..'....'.
#.###..........#...#.###.##....##
#.# #.####.....#.8.#..##.##....##
#.# #.# ##....'...##..#.##....##


You could see the friendly Katrina the battlemage.

Vanquished Creatures
  the Royal Jelly (Slime:5)
  Tiamat (Zot:2)
  2 dread liches
  3 orbs of fire
  3 ancient liches
  A juggernaut (Depths:3)
  A royal mummy (Crypt:3)
  3 Killer Klowns (Zot:5)
  A curse toe (Zot:2)
  A caustic shrike (Depths:2)
  5 golden dragons
  2 profane servitors (Crypt:3)
  A bone dragon (Crypt:3)
  A Tzitzimitl (Depths:4)
  2 electric golems (Zot:5)
  13 tentacled monstrosities
  A Hell Sentinel (Vaults:4)
  20 Orb Guardians
  3 deep elf blademasters (Elf:3)
  2 titans
  A walking divine tome (Depths:2)
  4 liches
  A deep elf master archer (Elf:3)
  3 quicksilver dragons
  A walking frostbound tome (Depths:3)
  3 acid blobs (Slime:5)
  4 sphinxes
  An ancient champion (Crypt:2)
  A tentacled starspawn (Vaults:4)
  7 death cobs
  2 krakens
  6 shadow dragons
  A revenant (Crypt:2)
  9 tengu reavers
  A draconian monk (Zot:3)
  4 rockslimes
  8 storm dragons
  5 nagarajas (Snake:4)
  8 azure jellies
  3 draconian knights
  3 draconian scorchers
  9 frost giants
  11 vault wardens
  4 deep elf sorcerers (Elf:3)
  A ghost moth (Zot:2)
  5 fire giants
  An iron dragon (Vaults:5)
  A deep elf elementalist (Elf:2)
  A caustic shrike zombie (Crypt:3)
  11 ghouls
  3 orc warlords
  6 very ugly things
  3 spriggan defenders
  2 draconian stormcallers
  A draconian shifter (Zot:4)
  12 stone giants
  15 ironbound preservers
  2 draconian annihilators
  A reaper (Hell)
  6 quicksilver oozes (Slime:5)
  7 ironbound thunderhulks
  3 vampire knights
  4 green draconians
  5 formless jellyfish
  A deep elf demonologist (Vaults:5)
  4 black draconians
  3 purple draconians
  4 deep elf annihilators
  6 spark wasps (Depths:3)
  8 yellow draconians
  7 dire elephants
  4 red draconians
  A blizzard demon (Gauntlet)
  6 white draconians
  2 minotaurs
  An iron golem (Zot:2)
  3 eidola (Crypt:3)
  5 deep elf death magi
  11 ettins
  A jiangshi (Crypt:2)
  A merfolk javelineer (Shoals:3)
  4 fire dragons
  11 yaktaur captains
  3 merfolk impalers
  2 entropy weavers
  2 hydras
  2 spriggan zombies
  7 great orbs of eyes
  7 deep elf high priests
  A salamander tyrant (Snake:4)
  A peacekeeper (Vaults:1)
  2 rakshasas
  6 spriggan air magi
  3 ice dragons
  2 ogre magi
  3 anacondas
  2 catoblepae
  10 centaur warriors
  5 ironbound frosthearts
  18 vault guards
  19 dancing weapons
  2 death knights
  3 boulder beetles
  4 satyrs
  7 naga warriors
  3 deep troll shamans (Depths:3)
  5 death yaks (IceCv)
  A vampire mage (Crypt:1)
  2 hell hogs (Hell)
  A deep troll earth mage (Vaults:5)
  2 orc high priests
  7 spriggan berserkers
  3 shock serpents
  Urug (Orc:2)
  5 soul eaters
  A demonic crawler (Hell)
  4 naga sharpshooters
  2 iron trolls
  13 deep elf knights
  11 hell knights
  3 skysharks
  7 sun demons (Hell)
  A wretched star (Vaults:4)
  17 skeletal warriors
  A goliath frog (Lair:5)
  41 deep trolls
  A golden dragon zombie (Hell)
  6 flayed ghosts
  7 sea snakes
  7 harpies
  8 deep elf archers
  A salamander mystic (Snake:2)
  2 naga ritualists
  3 glowing orange brains
  9 wizards
  7 orc knights
  5 lindwurms
  A tengu zombie (Vaults:3)
  20 deep elf pyromancers
  A shadow dragon zombie (Hell)
  6 necromancers
  11 phantasmal warriors
  An orc sorcerer (Orc:1)
  Pikel (D:7)
  14 deep elf zephyrmancers
  3 mana vipers (Snake:1)
  A stone giant zombie (Crypt:3)
  11 ironbound convokers
  A harpy (shapeshifter) (Depths:3)
  20 ugly things
  7 salamanders
  8 manticores
  A frost giant zombie (Hell)
  An iron dragon zombie (Hell)
  2 shining eyes
  A centaur zombie (D:15)
  11 fauns
  5 cyclopes
  12 moths of wrath
  A goliath frog skeleton (Crypt:1)
  A wolf spider (Vaults:3)
  9 elephants (Lair:4)
  A black mamba (shapeshifter) (D:14)
  A dire elephant zombie (Crypt:3)
  A guardian serpent (shapeshifter) (D:15)
  A guardian serpent (Snake:4)
  4 merfolk sirens
  14 naga magi
  21 black mambas
  6 vault sentinels
  4 water nymphs
  2 eyes of devastation
  2 gargoyles
  2 molten gargoyles (Hell)
  A shock serpent zombie (Crypt:1)
  2 smoke demons (Hell)
  2 hellions (Hell)
  11 cane toads
  22 yaktaurs
  An unseen horror (shapeshifter) (Depths:3)
  4 unseen horrors (Depths:4)
  A rime drake (shapeshifter) (Depths:3)
  4 freezing wraiths
  An efreet (D:14)
  3 komodo dragons
  2 rime drakes
  2 tormentors (Depths:4)
  A guardian mummy (Crypt:3)
  3 trolls
  A wind drake (shapeshifter) (Depths:3)
  A polar bear (shapeshifter) (D:14)
  13 merfolk
  2 meliai (Depths:3)
  5 wind drakes
  9 polar bears
  4 hornets
  A hellwing (Zot:5)
  An ettin zombie (Hell)
  2 hydra skeletons (Hell)
  A wolf spider simulacrum (D:15)
  A raiju (Snake:1)
  2 large abominations (Depths:4)
  5 snapping turtles
  12 blink frogs
  A dream sheep (Shoals:4)
  4 flying skulls (Crypt:1)
  5 jumping spiders
  38 slime creatures
  A shadow (Crypt:3)
  An ushabti (Crypt:3)
  8 water elementals
  An air elemental (Elf:1)
  40 yaks
  A black mamba zombie (Crypt:3)
  3 fire elementals
  2 spriggans
  4 wraiths
  2 basilisks (Lair:5)
  A wyvern (D:8)
  4 vampire mosquitoes
  A chaos spawn (Depths:4)
  4 redbacks
  A steam dragon (D:9)
  6 golden eyes
  A sea snake simulacrum (Hell)
  29 nagas
  7 water moccasins
  A warg (Vaults:5)
  An acid dragon (D:14)
  4 hell hounds
  A sky beast (D:7)
  A faun skeleton (Crypt:1)
  15 orc warriors
  5 ogres
  2 small abominations (Depths:4)
  18 wolves
  4 boggarts
  4 centaurs
  A phantom (Crypt:3)
  A rime drake zombie (Crypt:1)
  6 bullfrogs
  6 necrophages (Crypt:3)
  4 gnoll sergeants (Bailey)
  A scorpion (D:5)
  An earth elemental (Elf:2)
  3 wyvern skeletons (Crypt:3)
  2 wights
  3 killer bees
  An electric eel (Lair:3)
  4 howler monkeys
  3 hounds
  Crazy Yiuf (D:7)
  A centaur skeleton (Crypt:1)
  3 gnoll boudas (Bailey)
  A basilisk skeleton (Crypt:2)
  6 orc priests
  5 starcursed masses (Vaults:4)
  10 hell rats
  An iguana (D:6)
  8 orc wizards
  A naga zombie (Crypt:1)
  8 gnolls
  6 adders
  An ufetubus (Gauntlet)
  2 dart slugs
  19 orcs
  4 endoplasms
  A giant cockroach (D:1)
  A gnoll zombie (Crypt:2)
  7 goblins
  4 hobgoblins
  2 quokkas
  A training dummy (Shoals:3)
  5 ball pythons (D:1)
  2 bats
  3 frilled lizards
  A goblin skeleton (Crypt:1)
  2 kobolds
  3 rats
  A river rat skeleton (Crypt:2)
  7 tentacles
1341 creatures vanquished.

Vanquished Creatures (collateral kills)
  4 orbs of fire
  2 ancient liches
  Mara (Elf:3)
  2 juggernauts
  Sojobo (Vaults:4)
  Frederick (Vaults:4)
  A curse toe (Zot:4)
  4 Killer Klowns (Zot:5)
  Geryon (Hell)
  The ghost of Ziugimmo the Tortoise, a veteran AtMo of Elyvilon (Vaults:4)
  2 caustic shrikes (Depths:2)
  3 golden dragons
  Nikola (Vaults:1)
  Norris (Depths:1)
  A hellephant (D:10)
  A walking crystal tome (Depths:2)
  6 tentacled monstrosities
  8 Orb Guardians
  4 quicksilver dragons
  2 liches
  5 sphinxes
  4 titans
  A deep elf master archer (Elf:3)
  10 acid blobs
  A kraken (Shoals:3)
  2 ancient champions (Crypt:2)
  7 death cobs
  Aizul (Snake:1)
  5 shadow dragons
  2 tengu reavers
  10 storm dragons
  9 nagarajas (Snake:4)
  A daeva (Depths:2)
  2 rockslimes
  4 azure jellies
  3 revenants
  A draconian knight (Zot:2)
  5 fire giants
  2 draconian monks (Zot:2)
  6 frost giants
  A ghost moth (Zot:5)
  2 draconian scorchers
  2 draconian shifters (Zot:2)
  Louise (Snake:3)
  8 vault wardens
  3 curse skulls
  5 deep elf sorcerers
  2 draconian stormcallers
  2 draconian annihilators
  An orc warlord (Vaults:3)
  2 deep elf elementalists (Elf:3)
  3 ghouls
  6 formless jellyfish
  9 ironbound preservers
  3 war gargoyles
  2 spriggan defenders (Depths:3)
  A very ugly thing (Vaults:1)
  4 ironbound thunderhulks
  5 vampire knights
  6 quicksilver oozes
  2 deep elf demonologists
  4 deep elf annihilators (Elf:3)
  8 stone giants
  2 green draconians
  3 black draconians
  A minotaur (Lair:2)
  7 dire elephants
  A spark wasp (shapeshifter) (Depths:3)
  A spark wasp (Depths:3)
  4 white draconians
  A yellow draconian (Zot:3)
  4 purple draconians
  2 red draconians
  6 deep elf death magi (Elf:3)
  A blizzard demon (Hell)
  3 iron golems (Zot:2)
  5 ettins
  Snorg (D:11)
  A quicksilver dragon zombie (Crypt:3)
  2 jiangshi (Crypt:2)
  6 yaktaur captains
  7 eidola
  4 merfolk impalers
  Josephine (Lair:3)
  A fenstrider witch zombie (Crypt:1)
  4 great orbs of eyes
  2 rakshasas
  3 deep elf high priests
  An entropy weaver (Vaults:5)
  2 spriggan zombies (Crypt:3)
  4 fire dragons
  5 ice dragons
  27 vault guards
  3 hydras
  A hell beast (Hell)
  A spriggan air mage (Depths:1)
  2 merfolk avatars
  3 ironbound frosthearts
  A salamander tyrant (Snake:4)
  8 satyrs (Shoals:4)
  A sphinx zombie (Hell)
  2 death knights
  11 centaur warriors
  3 anacondas
  2 merfolk aquamancers
  A two-headed ogre (D:10)
  2 death yaks (IceCv)
  9 dancing weapons (Elf:2)
  3 vampire magi
  2 deep troll shamans
  A boulder beetle (D:13)
  3 deep troll earth magi
  3 tengu warriors (Depths:3)
  A death yak (shapeshifter) (Vaults:5)
  10 naga warriors
  4 naga sharpshooters
  An orc high priest (Orc:2)
  3 shock serpents
  3 soul eaters
  Nergalle (Orc:2)
  7 spriggan berserkers
  A thrashing horror (Vaults:4)
  5 deep elf knights
  A sixfirhy (Gauntlet)
  5 sun demons (Hell)
  5 iron trolls
  A storm dragon zombie (Hell)
  6 skysharks
  A spark wasp zombie (Hell)
  An anaconda zombie (Crypt:3)
  3 glowing orange brains
  A flayed ghost (Crypt:1)
  16 skeletal warriors
  5 sea snakes
  A goliath frog (shapeshifter) (Vaults:5)
  3 naga ritualists
  7 deep elf archers
  An orange crystal statue (Gauntlet)
  2 wizards
  25 deep trolls
  15 phantasmal warriors
  A kraken simulacrum (Hell)
  6 harpies
  4 ironbound convokers
  6 lindwurms
  3 orc knights
  12 deep elf zephyrmancers
  23 deep elf pyromancers
  A necromancer (Depths:1)
  3 mana vipers
  A wolf spider (shapeshifter) (Elf:1)
  A fire giant zombie (Hell)
  An iron dragon zombie (Hell)
  2 orc sorcerers
  A tengu skeleton (Vaults:3)
  A cyclops (shapeshifter) (Vaults:1)
  8 manticores
  2 shining eyes
  2 wolf spiders (Crypt:3)
  5 cyclopes
  4 moths of wrath
  25 ugly things
  A worldbinder (Vaults:4)
  A merfolk siren (Lair:3)
  7 salamanders
  10 fauns
  A water nymph (Shoals:3)
  A centaur zombie (D:15)
  7 vault sentinels
  A dire elephant zombie (Crypt:3)
  2 gargoyles
  10 naga magi
  10 cane toads
  A molten gargoyle (Hell)
  An ice statue (IceCv)
  A cane toad (shapeshifter) (D:15)
  An eye of devastation (Slime:3)
  13 black mambas
  3 guardian serpents
  6 smoke demons (Hell)
  A centaur skeleton (D:15)
  An efreet (D:13)
  A sea snake zombie (Hell)
  2 rime drakes
  4 unseen horrors
  6 komodo dragons
  3 freezing wraiths
  8 yaktaurs
  A human skeleton (Vaults:3)
  A tengu conjurer (Depths:3)
  3 wind drakes
  A white draconian skeleton (Crypt:2)
  3 trolls
  A hydra zombie (Hell)
  2 harpy zombies (Crypt:3)
  5 polar bears
  15 merfolk
  A hydra skeleton (Hell)
  A large abomination (Depths:4)
  2 meliai (Depths:3)
  A tarantella (Vaults:1)
  2 tyrant leeches (Lair:5)
  2 hornets
  9 blink frogs
  A raiju (shapeshifter) (Vaults:4)
  2 dream sheep
  A jumping spider zombie (Crypt:2)
  3 snapping turtles
  A culicivora zombie (Crypt:1)
  A jumping spider (Vaults:1)
  3 air elementals
  55 slime creatures
  3 flying skulls
  9 water elementals
  A shadow (D:10)
  2 spriggans (Depths:3)
  3 wyverns
  A black mamba zombie (Crypt:3)
  11 wraiths
  A human (shapeshifter) (D:13)
  22 yaks
  3 basilisks
  5 fire elementals
  A sea snake simulacrum (Hell)
  A chaos spawn (Depths:4)
  An ushabti (Crypt:3)
  9 vampire mosquitoes
  2 steam dragons (D:9)
  2 redbacks (Crypt:3)
  4 wargs
  An acid dragon (D:9)
  33 nagas
  6 water moccasins
  A floating eye (Depths:3)
  6 hell hounds
  A meliai simulacrum (D:14)
  An ice beast (D:5)
  12 orc warriors
  4 sky beasts
  A demonspawn skeleton (Crypt:2)
  2 black bears (Lair:1)
  2 ogres
  3 boggarts
  8 centaurs
  A starcursed mass (Vaults:4)
  16 wolves
  2 lemures (D:7)
  A phantom (D:5)
  3 kobold brigands
  6 gnoll sergeants
  2 small abominations (Depths:4)
  10 bullfrogs
  7 necrophages
  3 wyvern skeletons (Crypt:3)
  2 earth elementals (Elf:1)
  8 wights
  A troll zombie (Crypt:2)
  5 killer bees
  6 howler monkeys
  3 electric eels
  A crimson imp (Depths:4)
  4 gnoll boudas
  2 hounds
  9 orc priests
  A jelly (D:6)
  A human zombie (Crypt:1)
  12 orc wizards
  3 hell rats
  5 iguanas
  An acid dragon zombie (Crypt:1)
  13 gnolls
  2 adders
  4 white imps
  3 ufetubi
  A lava snake zombie (Crypt:1)
  The ghost of Kurtz the Sneak, a weakling NaDe (D:5)
  A dart slug (D:1)
  23 orcs
  A ball python (D:1)
  5 endoplasms
  3 goblins
  4 hobgoblins
  A quokka (D:4)
  2 training dummies (Shoals:3)
  A bat (D:3)
  A frilled lizard (D:3)
  2 kobolds
  A rat (D:3)
  A butterfly (Lair:3)
  A starspawn tentacle (Vaults:4)
  A tentacle (Shoals:3)
1200 creatures vanquished.

Vanquished Creatures (others)
  Asterion (Elf:3)
  A draconian knight (Zot:2)
  A vault warden (Vaults:1)
  2 draconian scorchers
  A draconian shifter (Zot:4)
  A draconian annihilator (Zot:4)
  A red draconian (Zot:3)
  A deep troll shaman (Depths:1)
  2 deep troll earth magi
  A deep elf knight (Elf:2)
  A deep troll (Depths:1)
  2 deep elf pyromancers
  A phantasmal warrior (Vaults:5)
  A deep elf zephyrmancer (Elf:1)
  An orc knight (Orc:2)
  An orc sorcerer (Orc:2)
  A moth of wrath (Zot:2)
  4 yaktaurs (Vaults:1)
  A hornet (D:9)
  A merfolk (Shoals:2)
  A shadow (D:10)
  A water elemental (Elf:2)
  67 battlemagi
  An orc (Elf:1)
  A goblin (D:10)
  4 ancestors (D:1)
  2 starspawn tentacles (Vaults:4)
  35 tentacles
138 creatures vanquished.

Grand Total: 2679 creatures vanquished

Notes
Turn   | Place    | Note
-------+----------+-------------------------------------------
     0 | D:1      | Valoriumal the Barachi Necromancer began the quest for the
                  | Orb.
     0 | D:1      | Reached XP level 1. HP: 13/13 MP: 3/3
   177 | D:1      | Found a faded altar of an unknown god.
   201 | D:1      | Reached skill level 1 in Fighting
   201 | D:1      | Prayed at the altar of an unknown god.
   201 | D:1      | Became a worshipper of Hepliaklqana the Forgotten
   201 | D:1      | Reached * piety under Hepliaklqana
   432 | D:1      | Reached XP level 2. HP: 17/19 MP: 1/5
   632 | D:1      | Reached skill level 1 in Short Blades
  1189 | D:1      | Reached XP level 3. HP: 25/25 MP: 6/6
  1718 | D:2      | Got a dusty book
  1730 | D:2      | Reached XP level 4. HP: 31/31 MP: 0/7
  1995 | D:2      | Reached ** piety under Hepliaklqana
  1996 | D:2      | Remembered your ancestor Katrina as a battlemage
  2754 | D:3      | Found an iron altar of Okawaru.
  2763 | D:3      | Reached XP level 5. HP: 37/37 MP: 5/8
  2962 | D:3      | Found a burning altar of Makhleb.
  3055 | D:3      | Found a basalt altar of Yredelemnul.
  3119 | D:3      | Found Qayfra's Magic Scroll Emporium.
  3122 | D:3      | Bought a scroll of blinking for 75 gold pieces
  3122 | D:3      | Bought a scroll of fear for 40 gold pieces
  3122 | D:3      | Bought a scroll of teleportation for 30 gold pieces
  3502 | D:3      | Found a glowing golden altar of the Shining One.
  3592 | D:3      | Reached skill level 5 in Fighting
  3686 | D:3      | Bought a scroll of teleportation for 30 gold pieces
  3783 | D:4      | Reached XP level 6. HP: 45/45 MP: 5/9
  3910 | D:3      | Bought a scroll of fear for 40 gold pieces
  4477 | D:4      | Reached *** piety under Hepliaklqana
  4534 | D:4      | You fall into a shaft and drop 1 floor!
  4534 | D:5      | Entered Level 5 of the Dungeon
  4585 | D:5      | Found a staircase to the Ecumenical Temple.
  4601 | D:5      | Reached skill level 1 in Invocations
  4613 | D:5      | Reached XP level 7. HP: 52/52 MP: 10/10
  4799 | D:4      | Identified the +8 chain mail of Tenacity {Regen+}
  4839 | D:3      | okay
  5259 | D:5      | Found a runed translucent door.
  5259 | D:5      | Noticed Kurtz's ghost (weakling NaDe)
  5394 | D:5      | Reached skill level 1 in Throwing
  5394 | D:5      | Reached skill level 1 in Armour
  5721 | D:5      | Killed Kurtz's ghost
  5778 | D:6      | Reached XP level 8. HP: 60/60 MP: 11/11
  5899 | D:3      | Bought a scroll of enchant armour for 75 gold pieces
  6074 | D:6      | Reached skill level 1 in Long Blades
  6229 | D:6      | Found a hazy altar of Hepliaklqana.
  6337 | D:6      | Reached **** piety under Hepliaklqana
  6610 | D:7      | Reached skill level 1 in Shields
  6697 | D:7      | Reached skill level 5 in Long Blades
  6702 | D:7      | Found a radiant altar of Vehumet.
  6957 | D:7      | Found a runed translucent door.
  6958 | D:7      | Noticed Crazy Yiuf
  7263 | D:7      | Noticed Pikel
  7294 | D:7      | Killed Pikel
  7295 | D:7      | Reached XP level 9. HP: 66/66 MP: 9/12
  7472 | D:7      | Killed Crazy Yiuf
  7529 | D:8      | Noticed a troll
  7533 | D:8      | Killed a troll
  7564 | D:7      | Gained mutation: You are occasionally teleported next to
                  | monsters. [potion of mutation]
  7565 | D:7      | Lost mutation: You are occasionally teleported next to
                  | monsters. [potion of mutation]
  7565 | D:7      | Gained mutation: You are frail. (-10% HP) [potion of
                  | mutation]
  7565 | D:7      | Gained mutation: You are very frail. (-20% HP) [potion of
                  | mutation]
  7566 | D:7      | Lost mutation: You are very frail. (-20% HP) [potion of
                  | mutation]
  7566 | D:7      | Lost mutation: You are frail. (-10% HP) [potion of
                  | mutation]
  7566 | D:7      | Gained mutation: Your mind is acute. (Int +4, Str/Dex -1)
                  | [potion of mutation]
  7566 | D:7      | Gained mutation: You have supernaturally acute eyesight.
                  | (SInv) [potion of mutation]
  7566 | D:7      | Gained mutation: Your system is resistant to poisons.
                  | (rPois) [potion of mutation]
  7567 | D:7      | meh
  7567 | D:7      | rpois is okay
  7606 | D:8      | Found a broken altar of Ashenzari.
  7772 | D:3      | Bought a scroll of summoning for 95 gold pieces
  7960 | D:8      | Noticed a manticore
  8061 | D:8      | Reached skill level 10 in Fighting
  8131 | D:8      | Killed a manticore
  8132 | D:8      | Reached skill level 5 in Armour
  8242 | D:8      | Reached XP level 10. HP: 76/76 MP: 13/13
  8754 | D:8      | Found a glowing silver altar of Zin.
  8755 | D:8      | Noticed an angel
  8816 | D:9      | Found Neunan's Specific Store.
  8818 | D:9      | Found Reikigh's General Store.
  8835 | D:9      | Bought a scroll of identify for 26 gold pieces
  8835 | D:9      | Bought a scroll of teleportation for 39 gold pieces
  9015 | D:9      | Identified the +2 flail of Cocytus {speed, rC+}
  9044 | D:9      | Reached skill level 10 in Armour
  9189 | D:9      | Identified 2 scrolls of acquirement
  9190 | D:9      | Acquired 744 gold pieces
  9192 | D:9      | Acquired the +15 Maxwell's patent armour {-Cast -Tele rElec
                  | Will+ rCorr}
  9192 | D:9      | Found the +15 Maxwell's patent armour {-Cast -Tele rElec
                  | Will+ rCorr}
  9271 | D:9      | Found a sacrificial altar of Ru.
  9429 | D:9      | Found a staircase to the Orcish Mines.
  9456 | D:9      | Found Ome Egid's Assorted Antiques.
  9461 | D:9      | Bought a lead wand for 116 gold pieces
  9461 | D:9      | Bought a shiny lead wand for 116 gold pieces
  9630 | D:10     | Entered Level 10 of the Dungeon
  9642 | D:10     | Noticed an unseen horror
  9646 | D:10     | Killed an unseen horror
  9662 | D:10     | Found a flagged portal.
  9664 | D:10     | Noticed a catoblepas
  9681 | D:10     | Reached ***** piety under Hepliaklqana
  9753 | D:10     | Killed a catoblepas
  9790 | D:10     | Noticed a two-headed ogre
  9802 | D:10     | Killed a two-headed ogre
  9803 | D:10     | Reached XP level 11. HP: 82/82 MP: 14/14
  9826 | Bailey   | Entered a bailey
 10170 | Bailey   | Reached skill level 5 in Shields
 10915 | D:10     | Noticed a manticore
 10920 | D:10     | Killed a manticore
 11249 | D:11     | Found a staircase to the Lair.
 11279 | Lair:1   | Entered Level 1 of the Lair of Beasts
 11355 | D:9      | Bought a scarf of resistance for 480 gold pieces
 11544 | Lair:1   | Found a frozen archway.
 11566 | IceCv    | Entered an ice cave
 11794 | IceCv    | Noticed a death yak
 11805 | IceCv    | Killed a death yak
 11806 | IceCv    | Reached skill level 5 in Invocations
 11806 | IceCv    | Reached XP level 12. HP: 91/91 MP: 14/16
 11992 | IceCv    | Noticed a death yak
 12003 | IceCv    | Killed a death yak
 12060 | IceCv    | Noticed a death yak
 12060 | IceCv    | Noticed a death yak
 12067 | IceCv    | Killed a death yak
 12071 | IceCv    | Killed a death yak
 12092 | IceCv    | Noticed a death yak
 12092 | IceCv    | Noticed a frost giant
 12092 | IceCv    | Noticed a death yak
 12092 | IceCv    | Noticed a death yak
 12097 | IceCv    | Killed a death yak
 12099 | IceCv    | Killed a death yak
 12099 | IceCv    | Killed a frost giant
 12099 | IceCv    | Killed a death yak
 12889 | Lair:1   | Gained mutation: You can hop long distances. [Barachi
                  | growth]
 12889 | Lair:1   | Reached XP level 13. HP: 101/101 MP: 17/17
 13714 | Lair:2   | Found a runed translucent door.
 13716 | Lair:2   | Reached ****** piety under Hepliaklqana
 14237 | Lair:3   | Reached skill level 15 in Fighting
 14267 | Lair:3   | Reached skill level 15 in Armour
 14466 | Lair:3   | Found a dark tunnel.
 14523 | Volcano  | Entered a volcano
 14956 | Lair:3   | Found a staircase to the Snake Pit.
 15188 | Lair:3   | Noticed Josephine
 15206 | Lair:3   | Killed Josephine
 15355 | Lair:3   | Reached XP level 14. HP: 107/111 MP: 18/18
 15404 | Lair:3   | Found a staircase to the Shoals.
 15487 | Lair:3   | Reached skill level 10 in Shields
 16057 | Lair:4   | Found a viscous altar of Jiyva.
 16057 | Lair:4   | Found a staircase to the Slime Pits.
 16366 | Lair:4   | Found a hide-covered altar of Uskayaw.
 16366 | Lair:4   | Found an ornate altar of the Wu Jian Council.
 16558 | Lair:5   | Entered Level 5 of the Lair of Beasts
 16795 | Lair:5   | Identified the +5 arbalest "Gatoluos" {penet, Str-4 Int+4
                  | Dex+5}
 16938 | Lair:5   | Identified the +5 ring mail of Magic {Contam Dex+2 SInv}
 17175 | Lair:5   | Reached XP level 15. HP: 113/120 MP: 19/19
 18603 | D:11     | Noticed Snorg
 18622 | D:11     | Killed Snorg
 19384 | Orc:1    | Entered Level 1 of the Orcish Mines
 19731 | Orc:2    | Entered Level 2 of the Orcish Mines
 19803 | Orc:2    | Reached skill level 5 in Evocations
 19810 | Orc:2    | Noticed Urug
 19811 | Orc:2    | Noticed an orc warlord
 19823 | Orc:2    | Killed Urug
 19854 | Orc:2    | Killed an orc warlord
 19916 | Orc:2    | Noticed Nergalle
 19927 | Orc:2    | Killed Nergalle
 20084 | Orc:2    | Found Uqeder's Book Boutique.
 20099 | Orc:2    | Found Xalun's Antique Armour Boutique.
 20157 | Orc:2    | Found a staircase to the Elven Halls.
 20257 | Orc:2    | Found Sissov's Antique Weapon Boutique.
 20272 | Orc:2    | Found Lorineff's General Store.
 20279 | Orc:2    | Bought a potion of experience for 700 gold pieces
 20279 | Orc:2    | Reached XP level 16. HP: 128/128 MP: 20/22
 20345 | Orc:2    | Bought a potion of lignification for 42 gold pieces
 20345 | Orc:2    | Bought a scroll of immolation for 56 gold pieces
 20345 | Orc:2    | Bought a potion of attraction for 42 gold pieces
 20900 | D:9      | Bought a wand of charming (6) for 187 gold pieces
 20900 | D:9      | Bought a scroll of summoning for 123 gold pieces
 20954 | Orc:2    | Bought a pair of glowing boots for 277 gold pieces
 21102 | D:13     | Reached skill level 1 in Axes
 21139 | D:13     | Found a transporter.
 21142 | D:13     | Found a transporter.
 21477 | D:13     | Found a portal to a secret trove of treasure.
 21875 | D:14     | Reached skill level 5 in Axes
 21952 | D:14     | Reached XP level 17. HP: 130/134 MP: 23/23
 22265 | D:14     | Found a gate to the Vaults.
 22730 | D:15     | Entered Level 15 of the Dungeon
 22962 | D:15     | Found a gate leading to a gauntlet.
 23009 | D:15     | Reached skill level 10 in Axes
 23065 | Gauntlet | Entered a Gauntlet
 23065 | Gauntlet | Found a transporter.
 23072 | Gauntlet | Found a transporter.
 23076 | Gauntlet | Found a transporter.
 23077 | Gauntlet | Found a transporter.
 23086 | Gauntlet | Found a transporter.
 23088 | Gauntlet | Found a transporter.
 23089 | Gauntlet | Found a transporter.
 23101 | Gauntlet | Found a transporter.
 23101 | Gauntlet | Found a transporter.
 23103 | Gauntlet | Found a transporter.
 23109 | Gauntlet | Found a transporter.
 23114 | Gauntlet | Found a transporter.
 23116 | Gauntlet | Found a transporter.
 23122 | Gauntlet | Found a transporter.
 23366 | Gauntlet | Identified the amulet "Turhikkony" {Reflect Harm rPois rC-
                  | SH+5}
 23961 | D:15     | Found a staircase to the Depths.
 24261 | D:13     | Identified the +1 cloak of Mirth {Harm rElec rPois Str-5}
 24273 | D:13     | okay just using singing sword I guess
 24274 | D:13     | rip that exp in axes
 24448 | Snake:1  | Entered Level 1 of the Snake Pit
 24472 | Snake:1  | Noticed Aizul
 24481 | Snake:1  | Killed Aizul
 24742 | Snake:1  | Reached skill level 10 in Long Blades
 25447 | Snake:2  | Found Veesipn's Weapon Shop.
 25515 | Snake:2  | Reached XP level 18. HP: 140/141 MP: 24/24
 26514 | Snake:3  | Found Ceri's Distillery.
 26518 | Snake:3  | Noticed Louise
 26528 | Snake:3  | Killed Louise
 26549 | Snake:3  | Bought a potion of invisibility for 112 gold pieces
 26549 | Snake:3  | Bought a potion of heal wounds for 70 gold pieces
 26549 | Snake:3  | Bought a potion of might for 56 gold pieces
 26549 | Snake:3  | Bought a potion of resistance for 140 gold pieces
 26549 | Snake:3  | Bought a potion of attraction for 42 gold pieces
 26549 | Snake:3  | Bought a potion of curing for 42 gold pieces
 26549 | Snake:3  | Bought a potion of cancellation for 112 gold pieces
 26549 | Snake:3  | Bought a potion of enlightenment for 70 gold pieces
 26921 | Snake:3  | Reached skill level 15 in Long Blades
 27084 | Snake:3  | Identified the +3 scale mail of the Tsukumogami {Harm
                  | +Blink rF- MP+9}
 27270 | Elf:1    | Entered Level 1 of the Elven Halls
 27270 | Elf:1    | Found a runed translucent gate.
 27270 | Elf:1    | Found a runed translucent gate.
 27270 | Elf:1    | Found a runed translucent gate.
 27270 | Elf:1    | Found a runed translucent gate.
 27270 | Elf:1    | Found a runed translucent gate.
 27270 | Elf:1    | Found a runed translucent gate.
 27270 | Elf:1    | Found a runed translucent door.
 27270 | Elf:1    | Found a runed translucent door.
 27601 | Shoals:1 | Entered Level 1 of the Shoals
 28725 | Shoals:2 | Reached XP level 19. HP: 59/147 MP: 25/25
 29229 | Shoals:3 | Found Nubbohui's Firing Range.
 29258 | Shoals:3 | Bought a throwing net for 36 gold pieces
 29258 | Shoals:3 | Bought a throwing net for 36 gold pieces
 30257 | Snake:4  | Entered Level 4 of the Snake Pit
 30980 | Snake:4  | Reached skill level 10 in Evocations
 31113 | Snake:4  | Got a serpentine rune of Zot
 31234 | Snake:4  | Identified the +1 quarterstaff of Experimentation {distort,
                  | *Noise rF+ rN+++ Str+3}
 31251 | Snake:4  | Found Vasapt's Antique Armour Shoppe.
 31501 | Shoals:4 | Entered Level 4 of the Shoals
 31843 | Shoals:4 | Reached XP level 20. HP: 114/156 MP: 26/26
 32045 | Shoals:4 | Got a barnacled rune of Zot
 32578 | Vaults:1 | Entered Level 1 of the Vaults
 32598 | Vaults:1 | Noticed Nikola
 32632 | Vaults:1 | Killed Nikola
 32953 | Vaults:1 | Reached skill level 15 in Shields
 33060 | Vaults:1 | Reached skill level 10 in Invocations
 33188 | Vaults:1 | Reached skill level 5 in Throwing
 33462 | Vaults:1 | Paralysed by a sphinx for 5 turns
 33746 | Vaults:1 | Reached XP level 21. HP: 164/164 MP: 28/28
 33987 | Vaults:2 | Reached skill level 10 in Throwing
 34048 | Vaults:2 | Found a staircase to the Crypt.
 35549 | Vaults:3 | Got a disorganized book
 35929 | Vaults:3 | Reached skill level 15 in Throwing
 35977 | Vaults:3 | Reached XP level 22. HP: 89/171 MP: 29/29
 36131 | Vaults:3 | Identified the +4 scale mail of Aschukh {+Blink rElec rF-
                  | rCorr}
 36336 | Vaults:3 | Found Unalyrr's Antique Armour Emporium.
 36345 | Vaults:3 | Bought a spiked scarf for 460 gold pieces
 36345 | Vaults:3 | Identified the scarf of Zin's Reproof {+Inv, Rampage rN+
                  | Str-5 Int+2} (You bought it in a shop on level 3 of the
                  | Vaults)
 36842 | Vaults:4 | Identified the +0 ring mail "Yxoca" {rPois rC- Dex+3
                  | Stlth+}
 36997 | Vaults:4 | Found a one-way gate to the infinite horrors of the Abyss.
 36997 | Vaults:4 | Noticed Ziugimmo's ghost (veteran AtMo)
 36998 | Vaults:4 | Found a transporter.
 37024 | Vaults:4 | Found a transporter.
 37300 | Vaults:4 | Noticed Sojobo
 37309 | Vaults:4 | Killed Sojobo
 37388 | Vaults:4 | Noticed Frederick
 37397 | Vaults:4 | Killed Frederick
 37986 | Elf:1    | Identified the +11 long sword of Quantum Leap {venom, Will-
                  | Str+2 Int+7 Dex+3}
 38046 | Elf:1    | Found Wyvaa's Jewellery Emporium.
 38047 | Elf:1    | Found Watuelog's Book Boutique.
 38061 | Elf:1    | Reached skill level 15 in Evocations
 38062 | Elf:1    | Found Ahou's Jewellery Emporium.
 38169 | Elf:1    | Identified the +10 sling of Cyune {speed, Will+ Str+4}
 38205 | Elf:1    | Found a runed translucent gate.
 38205 | Elf:1    | Found a runed translucent gate.
 38205 | Elf:1    | Found a runed translucent gate.
 38205 | Elf:1    | Found a runed translucent gate.
 38210 | Elf:1    | Found a runed translucent gate.
 38210 | Elf:1    | Found a runed translucent gate.
 38400 | Elf:1    | Found Faut's Jewellery Shoppe.
 38830 | Elf:2    | Found Zymn's Antique Weapon Boutique.
 39093 | Elf:2    | Paralysed by an air elemental for 1 turns
 39100 | Elf:2    | Paralysed by an air elemental for 1 turns
 39293 | Elf:2    | Reached skill level 5 in Dodging
 39335 | Elf:2    | Found a runed translucent gate.
 39335 | Elf:2    | Found a runed translucent gate.
 39335 | Elf:2    | Found a runed translucent gate.
 39555 | Elf:3    | Entered Level 3 of the Elven Halls
 39566 | Elf:3    | Got a moldy book
 39650 | Elf:3    | Reached XP level 23. HP: 177/177 MP: 30/30
 40178 | Elf:3    | Identified the +7 mace of Destiny {speed, Dex+5}
 40307 | Elf:3    | Identified the +6 scimitar "Beastslayer" {flame, *Corrode
                  | rC+ Int-4 Dex+9}
 40313 | Elf:3    | Identified the +5 flail "Killer Klown's Bane" {speed, rElec
                  | rPois}
 40526 | Elf:3    | Noticed Mara
 40549 | Elf:3    | Killed Mara
 40557 | Elf:3    | Identified the +4 robe of the Dolphin {rCorr}
 40607 | Elf:3    | Identified the +0 rapier "Zusuvob" {venom, Str+3 Int+4}
 40632 | Elf:3    | Noticed Asterion
 40659 | Elf:3    | Gained mutation: You are clumsy. (Dex -2) [a cacodemon]
 40659 | Elf:3    | Killed Asterion
 40836 | Elf:3    | Identified the staff of the Three Knives {rC+ Int+2 SInv
                  | Ice}
 40845 | Elf:3    | Got a moth-eaten book
 40856 | Elf:3    | Identified the quicksilver dragon scales of Impatience
                  | {Will+ SInv}
 40857 | Elf:3    | Identified the +0 ring mail "Giskasho" {Rampage +Inv rPois}
 40863 | Elf:3    | Identified the +6 scale mail "Qakuifasch" {rPois rC+ Dex-4}
 40868 | Elf:3    | Identified the +11 longbow of the Pits of Slime {freeze,
                  | rPois rC+ rN+++ Str-2}
 40870 | Elf:3    | Got a blackened book
 41196 | Depths:1 | Entered Level 1 of the Depths
 41234 | Depths:1 | You fall into a shaft and drop 1 floor!
 41277 | Depths:2 | Found a one-way gate leading to the halls of Pandemonium.
 41334 | Depths:1 | 3d42 fire breath wtf
 41334 | Depths:1 | thats more than orb of fire
 41444 | Depths:2 | Found a gateway to Hell.
 41658 | Depths:1 | Noticed Norris
 41671 | Depths:1 | Killed Norris
 42709 | Depths:2 | Noticed a caustic shrike
 43048 | Depths:2 | Killed a caustic shrike
 43049 | Depths:2 | Reached skill level 10 in Dodging
 43062 | Depths:2 | Noticed a golden dragon
 43062 | Depths:2 | Noticed a caustic shrike
 43083 | Depths:2 | Killed a golden dragon
 43084 | Depths:2 | Killed a caustic shrike
 43122 | Depths:2 | Reached XP level 24. HP: 184/186 MP: 30/30
 43122 | Depths:2 | crystal spear :o
 43148 | Depths:2 | Noticed a juggernaut
 43156 | Depths:2 | Killed a juggernaut
 43197 | Depths:2 | Noticed a caustic shrike
 43207 | Depths:2 | Killed a caustic shrike
 43281 | Depths:2 | Got a mumbling book
 43473 | Depths:2 | Got a fuliginous book
 43511 | Depths:2 | Identified the +1 ring mail "Paygu" {Int+5}
 43557 | Depths:4 | Entered Level 4 of the Depths
 43607 | Depths:4 | Found a one-way gateway to a ziggurat.
 43607 | Depths:4 | Noticed a dread lich
 43615 | Depths:4 | Found a shimmering altar of Xom.
 44092 | Depths:4 | Noticed an ancient lich
 44552 | Depths:4 | .... if I die to this
 44553 | Depths:4 | Killed a dread lich
 44560 | Depths:4 | Killed an ancient lich
 44568 | Depths:4 | goddamn caco :s
 44933 | Depths:4 | Found a gate to the Realm of Zot.
 44980 | Depths:4 | goodbye maxwells you served me well
 45712 | D:9      | Bought 3 potions of haste for 870 gold pieces
 45712 | D:9      | Bought a scroll of enchant armour for 217 gold pieces
 46376 | Vaults:4 | Killed Ziugimmo's ghost
 47048 | Depths:3 | Noticed a juggernaut
 47063 | Depths:3 | Killed a juggernaut
 47082 | Depths:3 | Noticed a juggernaut
 47118 | Depths:3 | Killed a juggernaut
 47194 | Depths:3 | Reached skill level 15 in Dodging
 47818 | Depths:3 | Reached XP level 25. HP: 189/195 MP: 30/30
 48064 | Depths:3 | Reached skill level 1 in Translocations
 48068 | Depths:3 | Reached skill level 2 in Translocations
 48077 | Depths:3 | Identified the +0 glaive of Mutilation {freeze, Int+3}
 48112 | Depths:2 | Reached skill level 3 in Translocations
 48263 | Depths:3 | Reached skill level 4 in Translocations
 48278 | Depths:3 | Reached skill level 5 in Translocations
 48431 | Depths:3 | Reached skill level 6 in Translocations
 49099 | Elf:1    | Bought the ring "Qalybikk" {rPois rC+ rCorr Slay+6} for
                  | 1077 gold pieces
 49107 | Elf:1    | Learned a level 1 spell: Apportation
 49279 | Slime:1  | Entered Level 1 of the Pits of Slime
 49313 | Slime:1  | Reached skill level 7 in Translocations
 49398 | Slime:2  | Paralysed by a formless jellyfish for 1 turns
 49407 | Slime:2  | Reached skill level 8 in Translocations
 49416 | Slime:2  | Reached skill level 1 in Air Magic
 49767 | Slime:3  | Reached skill level 9 in Translocations
 50200 | Slime:4  | Learned a level 2 spell: Blink
 50203 | Slime:4  | Learned a level 2 spell: Lesser Beckoning
 50206 | Slime:5  | Entered Level 5 of the Pits of Slime
 50348 | Slime:5  | Reached skill level 5 in Air Magic
 50357 | Slime:5  | Paralysed by a formless jellyfish for 1 turns
 50363 | Slime:5  | Noticed the Royal Jelly
 50369 | Slime:5  | Found a viscous altar of Jiyva.
 50385 | Slime:5  | Killed the Royal Jelly
 50386 | Slime:5  | Reached skill level 10 in Translocations
 50720 | Slime:5  | Identified the +0 scale mail of Rioppud {Str+2 Int+3}
 50786 | Slime:5  | Got a slimy rune of Zot
 50792 | Slime:5  | Identified the ring "Vagi" {rPois rN+ Stlth+}
 50851 | Slime:5  | Identified the +0 pair of gloves "Lehaf" {rF+ Dex+2}
 50861 | Slime:5  | Identified the +2 morningstar of Expedience {speed, Str+3
                  | Int+4}
 50862 | Slime:5  | Identified the +9 morningstar "Demonslayer" {venom, rElec
                  | rPois Int-3}
 51409 | Crypt:1  | Entered Level 1 of the Crypt
 51465 | Crypt:1  | Reached skill level 11 in Translocations
 52385 | Crypt:1  | Reached XP level 26. HP: 201/201 MP: 30/30
 52692 | Crypt:2  | Reached skill level 12 in Translocations
 52947 | Crypt:2  | Learned a level 4 spell: Passage of Golubria
 53400 | Crypt:3  | Entered Level 3 of the Crypt
 53421 | Crypt:3  | Reached skill level 13 in Translocations
 53573 | Crypt:3  | Found a staircase to the Tomb.
 53573 | Crypt:3  | Noticed a royal mummy
 53589 | Crypt:3  | Killed a royal mummy
 53844 | Crypt:3  | Reached skill level 14 in Translocations
 54205 | Crypt:3  | Learned a level 4 spell: Vhi's Electric Charge
 54301 | Crypt:3  | Identified the +1 triple sword of Woupeon {drain, Drain
                  | rCorr Str+3 Int+2}
 54616 | Crypt:3  | Found a basalt altar of Yredelemnul.
 54891 | Crypt:3  | Reached skill level 15 in Translocations
 55005 | Crypt:3  | Identified the +0 scale mail of Wu Jian's Wrath {SInv}
 55009 | Crypt:3  | Identified the staff of Day {rC+ rN+ Int+2 Dex+2 Ice}
 55050 | Crypt:3  | Reached skill level 10 in Air Magic
 55071 | Crypt:3  | wow sotnes
 55427 | Vaults:5 | Entered Level 5 of the Vaults
 55618 | Vaults:5 | Identified the +4 scimitar "Bujyrgh" {flame, Str+3 SInv}
 55639 | Vaults:5 | Identified the +6 war axe "Migoeqea" {elec, rC+ Int+3}
 55744 | Vaults:5 | Got a dusty book
 55762 | Vaults:5 | Got a silver rune of Zot
 55869 | Vaults:5 | Reached skill level 16 in Translocations
 56122 | Vaults:5 | Reached XP level 27. HP: 201/207 MP: 30/30
 56206 | Vaults:5 | Reached skill level 17 in Translocations
 56477 | Vaults:5 | Found Weediade's Weapon Shoppe.
 56530 | Vaults:5 | Reached skill level 18 in Translocations
 56537 | Vaults:5 | Learned a level 6 spell: Dispersal
 56594 | Vaults:5 | Got an antique book
 56697 | Vaults:5 | Identified the +1 sling "Hiedeun" {flame, Contam Will++
                  | Int+5}
 56794 | Vaults:5 | Found Kyesaz's Magic Scroll Shoppe.
 56799 | Vaults:5 | Noticed a dread lich
 56805 | Vaults:5 | Reached skill level 5 in Spellcasting
 56837 | Vaults:5 | Killed a dread lich
 56941 | Vaults:5 | Noticed an ancient lich
 56952 | Vaults:5 | Killed an ancient lich
 56999 | Vaults:5 | Found Uwukk's Magic Scroll Boutique.
 57003 | Vaults:5 | Bought a scroll of blinking for 135 gold pieces
 57003 | Vaults:5 | Bought a scroll of fog for 72 gold pieces
 57003 | Vaults:5 | Bought a scroll of teleportation for 54 gold pieces
 57010 | Vaults:5 | Bought a scroll of revelation for 127 gold pieces
 57010 | Vaults:5 | Bought a scroll of silence for 161 gold pieces
 57010 | Vaults:5 | Bought a scroll of fear for 68 gold pieces
 57010 | Vaults:5 | Bought a scroll of poison for 68 gold pieces
 57054 | Vaults:5 | Reached skill level 19 in Translocations
 58616 | Zot:1    | Entered Level 1 of the Realm of Zot
 58652 | Zot:1    | Reached skill level 20 in Translocations
 59353 | Zot:2    | Noticed an orb of fire
 59366 | Zot:2    | Killed an orb of fire
 59408 | Zot:2    | Reached skill level 21 in Translocations
 59580 | Zot:2    | Found the +4 dragonskin cloak
 59580 | Zot:2    | Noticed Tiamat
 59700 | Zot:2    | Killed Tiamat
 60354 | Zot:2    | Reached skill level 22 in Translocations
 61732 | Vaults:5 | Bought a scroll of enchant armour for 127 gold pieces
 61740 | Vaults:5 | Bought a scroll of enchant armour for 135 gold pieces
 61740 | Vaults:5 | Bought 3 scrolls of immolation for 216 gold pieces
 61740 | Vaults:5 | Bought a scroll of immolation for 72 gold pieces
 62248 | Elf:1    | Bought a ring of protection from fire for 400 gold pieces
 63062 | Zot:3    | Reached skill level 23 in Translocations
 63425 | Zot:3    | Noticed an orb of fire
 63431 | Zot:3    | Gained mutation: You have hidden genetic defects. [an orb
                  | of fire]
 63473 | Zot:3    | Killed an orb of fire
 63953 | Zot:4    | Reached skill level 24 in Translocations
 64578 | Hell     | Entered the Vestibule of Hell
 64578 | Hell     | Noticed Geryon
 64590 | Hell     | Killed Geryon
 64594 | Hell     | Gained mutation: Your magical capacity is low. (-10% MP)
                  | [hidden defects]
 64628 | Hell     | Found a gateway to the ashen valley of Gehenna.
 64661 | Hell     | Reached skill level 25 in Translocations
 64758 | Hell     | Found a gateway to the decaying netherworld of Tartarus.
 64830 | Hell     | Found a gateway to the Iron City of Dis.
 64861 | Hell     | Found a gateway to the freezing wastes of Cocytus.
 64891 | Hell     | Gained mutation: You are occasionally teleported next to
                  | monsters. [hidden defects]
 64891 | Hell     | Lost mutation: You have hidden genetic defects. [hidden
                  | defects expressed]
 65001 | Hell     | Lost mutation: Your magical capacity is low. (-10% MP)
                  | [potion of mutation]
 65001 | Hell     | Lost mutation: You are occasionally teleported next to
                  | monsters. [potion of mutation]
 65001 | Hell     | Lost mutation: Your system is resistant to poisons. (rPois)
                  | [potion of mutation]
 65001 | Hell     | Gained mutation: Your body sometimes deteriorates upon
                  | taking damage. [potion of mutation]
 65299 | D:13     | You paid a toll of the horn of Geryon to enter a treasure
                  | trove
 65300 | Trove    | Entered a treasure trove
 65307 | Trove    | Identified the ring of Ephemeral Luck {rElec rCorr Str-5
                  | Int+6 SInv}
 65318 | Trove    | Identified the amulet "Boczawoem" {Spirit rElec Dex+3
                  | Stlth+}
 65327 | Trove    | Identified the ring of Sin {Ice Str+2}
 65346 | Trove    | Identified the ring "Pifezax" {Ice Drain rPois MP+9 SInv}
 65349 | Trove    | Identified the amulet "Lyvifiu" {Spirit Rampage +Blink +Inv
                  | rN+++}
 65355 | Trove    | Identified the ring of Xezituick {Fly rPois rF+++ MP-9
                  | Str-4}
 65369 | Trove    | wait i got box and sack in the aame game?
 65741 | Zot:5    | Entered Level 5 of the Realm of Zot
 66207 | Zot:5    | Noticed an ancient lich
 66227 | Zot:5    | Killed an ancient lich
 66250 | Zot:5    | Noticed an orb of fire
 66259 | Zot:5    | Gained mutation: You do not regenerate when monsters are
                  | visible. [an orb of fire]
 66262 | Zot:5    | Killed an orb of fire
 66263 | Zot:5    | Lost mutation: You have supernaturally acute eyesight.
                  | (SInv) [potion of mutation]
 66263 | Zot:5    | Lost mutation: You do not regenerate when monsters are
                  | visible. [potion of mutation]
 66263 | Zot:5    | Gained mutation: You have a pair of small horns on your
                  | head. [potion of mutation]
 66263 | Zot:5    | Lost mutation: You have a pair of small horns on your head.
                  | [potion of mutation]
 66263 | Zot:5    | Gained mutation: You are very clumsy. (Dex -4) [potion of
                  | mutation]
 66264 | Zot:5    | Lost mutation: Your body sometimes deteriorates upon taking
                  | damage. [potion of mutation]
 66264 | Zot:5    | Lost mutation: You are very clumsy. (Dex -4) [potion of
                  | mutation]
 66264 | Zot:5    | Gained mutation: Your muscles are strong. (Str +4, Int/Dex
                  | -1) [potion of mutation]
 66292 | Zot:5    | Learned a level 8 spell: Disjunction
 66302 | Zot:5    | Noticed an orb of fire
 66310 | Zot:5    | Killed an orb of fire
 66329 | Zot:5    | Noticed an orb of fire
 66334 | Zot:5    | Killed an orb of fire
 66335 | Zot:5    | Reached skill level 26 in Translocations
 66571 | Zot:5    | Noticed an ancient lich
 66576 | Zot:5    | Killed an ancient lich
 66904 | Zot:5    | Noticed an orb of fire
 66905 | Zot:5    | Gained mutation: You are frail. (-10% HP) [an orb of fire]
 66911 | Zot:5    | Killed an orb of fire
 67049 | Zot:5    | Lost mutation: Your muscles are strong. (Str +4, Int/Dex
                  | -1) [potion of mutation]
 67049 | Zot:5    | Lost mutation: You are clumsy. (Dex -2) [potion of
                  | mutation]
 67049 | Zot:5    | Lost mutation: Your mind is acute. (Int +4, Str/Dex -1)
                  | [potion of mutation]
 67049 | Zot:5    | Gained mutation: You are vulnerable to cold. (rC-) [potion
                  | of mutation]
 67049 | Zot:5    | Gained mutation: You are weak. (Str -2) [potion of
                  | mutation]
 67049 | Zot:5    | Gained mutation: You have a pair of small horns on your
                  | head. [potion of mutation]
 67050 | Zot:5    | Lost mutation: You have a pair of small horns on your head.
                  | [potion of mutation]
 67050 | Zot:5    | Lost mutation: You are frail. (-10% HP) [potion of
                  | mutation]
 67050 | Zot:5    | Lost mutation: You are weak. (Str -2) [potion of mutation]
 67050 | Zot:5    | Gained mutation: You are strong-willed. (Will+) [potion of
                  | mutation]
 67050 | Zot:5    | Gained mutation: Your system is resistant to poisons.
                  | (rPois) [potion of mutation]
 67368 | Zot:5    | Noticed an orb of fire
 67390 | Zot:5    | Killed an orb of fire
 67412 | Zot:5    | Noticed an ancient lich
 67431 | Zot:5    | Killed an ancient lich
 67760 | Zot:5    | Reached skill level 27 in Translocations
 67761 | Zot:5    | no plane hopper????
 68200 | Zot:5    | Got the Orb of Zot
 68208 | Zot:5    | typical
 68214 | Zot:5    | okay
 68339 | Depths:4 | Noticed Fovurgh the pandemonium lord
 68907 | D:1      | gg
 68907 | D:1      | love you kat :3
 68907 | D:1      | too bad about the title
 68908 | D:$      | Escaped with the Orb!

Illustrated notes ########## #.. #.......># #.. #############........# #.. #.^........##........###.. #..........##........##... #..........##......!.##... #..........##........##... #.........R##........##... #........@.##............. #......................... #....................##... #....................##... ##########'##.####.####.###... #...⌠# #.#........##.§.##... #...#### #.#........#..≈..###. #._....###.#..........≈≈≈..... #...##..............#..≈..#..# Turn 4839 on D:3: okay ### ######.# #....#.# ### #....#.# #.# ###....#.#######.# ...............R@# ###......#....##.### # #................# ###...........##.### #....##.#.........# '....##.###.####.## #....##.# #.# #.# #....##.# ### #.# #....+..# #.# Turn 7567 on D:7: meh .#########........!.............. ...................^............. .......................>......... ..######......................... ..# #..########............... ..######............©............ ...............###########....... .....######...##..)(©))))##....## ##...# #...#.@.#####...#....# #...######...#.R.[#.#....#....# ##..).........#.#.......#.#....## ..............#.##.8.8.##.#...... ........).....#.#..._...#.#....## #.............#.##.8)8.##.#....# #<............#.#)......#.#....# ..............#....#[#....#..<.## ..............#...#####...#...... Turn 24273 on D:13: okay just using singing sword I guess .#########........!.............. ...................^............. .......................>......... ..######......................... ..# #..########............... ..######............©............ ...............###########....... .....######...##..)(©))))##....## ##...# #...#.@.#####...#....# #...######...#.R.[#.#....#....# ##..).........#.#.......#.#....## ..............#.##.8.8.##.#...... ........).....#.#..._...#.#....## #.............#.##.8)8.##.#....# #<............#.#)......#.#....# ..............#....#[#....#..<.## ..............#...#####...#...... Turn 24274 on D:13: rip that exp in axes C.........## ............ ........... D.p.p....?. p.........# .p........# ..........# ......R...# ........@.# ........H.....# ..p...........# #######.......# #.......# #....C..# #.......# ........# .....C..# Turn 41334 on Depths:1: 3d42 fire breath wtf

#,,,,**,,,,,##...##,,,,,**,,,,#..
#,,,,,*,,,,,#.....#,,,,,*,,,,,###
#,,****,,,,##.....##,,,,****,,###
#+**,,+,,###.......###,,+,,**+#..
#,*,,,**##...........####,,,*,#..
#,*,,,,,'......#......'..,,,*,##.
#,*,,,,,#.............*,,,,,*,*#.
#,**,,,**+*#.......#*+**,,,**,*#.
#,,*###*,,,*#...@R#*,,,*****,,*#.
#,,,..#.,,,,#..?..#,,,,,*,,,,,##.
#,,,,.'.,,,,#..#..#,,,,.',,,,,#..
#,,,,,#..,,,#.....#,,,..#,,,,,#..
#,,****#..,##.....##,..#****,,###
#,**...*#'##.......##'#*.,,**,*
#,*,....#.............#..,,,*,*
#,*,....'......#......'..,,,*,###
#,*,,,**##...........####,,,*,#<.


Turn 43122 on Depths:2: crystal spear :o #.##.# #∩...# #.##.###....########### #
#.##...#....#.........##. #.######....####.####.... ###'########'## #.# #...#
#..........#L# #.# ##.2## #............# #.###...#. #..........### #..##2#.L1
#.........@#######..##.§.#L #.........RL2)...1......R##
#..........###.###.####...# #..[.......# #.# ##... #..........# #.# #.
####'######. #.# . #.# # #.# ~ ##.# #.# #..# #.# Turn 44552 on Depths:4: .... if
I die to this ###### #....# #.##.# ###### #.##.# #∩...# #.##.###....###########
## #.##...#..R.#.........##.## #.######..@.####.####.....# ###'########'## #.#
#...#.. #..........#.# #.# ##.2###. #............# ....###...#.##
#..........##.......##2#.L1.# #................#..##.§.#L##
#..........'.)..........R###. #..........###.###.####...#.. #..[.......# ## #.#
##..... Turn 44568 on Depths:4: goddamn caco :s #### #.........###.### .##
#.........# #.# ..## ################### #.# ...###.##.##.##.#### #.#
#.)#..§.§....§§....#######.# #..##.§§≈.##.§≈.##)..'..##.#
#.).'..≈≈.##.§§.##.).'..##)# # #..##.§≈≈.##§§§.##...'..)[.######
#..#.....§....)R@..###........... ...###.##.##.##.#### ##.#########
..################# #.# # .###..# #.# #.# #.# # ####..# ##.#####.#####.# #
......# #..............# # +###### #..###...###...# # .# #..#.##.##.#...# # .#
#..##.###.##...# # Turn 44980 on Depths:4: goodbye maxwells you served me well
♣♣.♣...............###.####... ♣♣.....##############.#⌠#.... ♣♣..♣..##
+.........#.'...# ♣.♣.....# ########### #.... ♣...♣..## #..# ##... ♣♣♣♣.♣....#
##..## ##.. ♣........## ##(.# ####' ♣♣..♣.....# ##((## #####...† ♣....♣..##
#<@## .......⌠† ♣♣..♣....# #### ..####... ♣♣.....## . #..) ♣...♣...# ..####.._
♣..♣...## ⌠........ ♣♣...♣..# ......... ♣♣.♣...############ #.###....
♣♣♣........P.....###.###..). ♣♣♣.^..#####....#......... Turn 55071 on Crypt:3:
wow sotnes ##################### 8.8.#(#.#.#.#.#.8.8.# ....................#
....#.#?#.#.#.#R@...# .∩..###########..∩..# ....#.#.#.#.#/#.....#
....................# 8.8.#)#.#.#.#.#.8.8.# ##################### Turn 65369 on
Trove: wait i got box and sack in the aame game? ,,,,,,,,,,** **,,,,,,X,,,,,,**
,,,,,,,,,** *,,,,,,,,.,,,,,,* ##########▓▓▓ ****##**d#****###▓▓
.........#..#****#.##..#,,,^,.... .........#.<#####.d§..**,,X,,....
#######'##........§..,,'X,,,,,... ......#.####'####R##*,**,,,,,,)..
#####.#.#.......§§§#*,********#'# #.#.#.......@§.#*^* ####.# #.#.#......§§..'..#
#<.))# #.#.#.(....<...#).#****#..##† #####.#.#..........#,.........*##
........'..^.......#,..#####[#* #####.###......)...#*#)# #.#
#.#*#..........###'## #.# #.#*########......).# #.# #.#********#........#
##.#### Turn 67761 on Zot:5: no plane hopper???? ▓▓▓▓.............▓
▓▓▓...........^..... ▓ ▓▓.^................. ▓ ▓▓▓▓▓▓▓▓▓ ▓....................
▓▓▓.......▓▓▓.^....^............. ▓▓.........▓▓..^...........^...^.
▓...........▓.................... .....R.^..^^.....................
▓...........▓...@................ ▓▓........^▓▓....................
▓▓▓.......▓▓▓.................... # ▓▓▓▓▓▓▓▓▓ #.................... #
##.............^..... ##▓.............^... ▓▓▓▓..............
#▓▓▓▓▓▓▓▓▓▓▓##..... # ###.............^^... Turn 68208 on Zot:5: typical
#....................# #....................# #....................#
##..................## # ##................## # ##..............##
#▓▓▓▓################ .....#.##.#######'# .....#.....[....@.#
.....'....######..# )..⌠⌠###### ##.# #'#### ###..# #.# ###).#.# ))### ###....#.#
##..## ###..#.##..# ####.###..##.####.## # ##...###.## #..## Turn 68214 on
Zot:5: okay #.#####..######.##.##.......... #...................†......)...
#######..########..########.... #..# ##.# #.... #..# #.# #.... ############.#
##### #.....##.# #.....##)############ #.##@.##.............
#..R..##.######....## #.....##.# #....## #'######.# #....## ####### ###.######.#
####....## #.....#####....#...#.# #..'....'. #.###..........#...#.###.##....##
#.# #.####.....#.8.#..##.##....## #.# #.# ##....'...##..#.##....## Turn 68907 on
D:1: gg

Levels and vault maps discovered:
D:1:      dpeg_arrival_rooms_b, layout_basic, hellmonk_ecumenical_altar_lost_god
D:2:      layout_basic
D:3:      layout_basic, tso_oasis_becter, mainiacjoe_overflow_alcove_2,
          lemuel_coloured_pillars_altar, okawaru_trees_1, serial_shops,
          nicolae_shop_rolled_up, amcnicky_mini_pool_small
D:4:      layout_rooms
D:5:      layout_loops_corners, minmay_temple_entry_junction_2,
          ebering_ghost_reflecting_pool, kennysheep_generic_room_14
D:6:      layout_rooms, mainiacjoe_overflow_boulevard
D:7:      layout_basic, nicolae_vehumet_altar_sigil, uniq_crazy_yiuf_cottage,
          uniq_pikel
D:8:      layout_cave_pools, zin_angel, lemuel_doored_altar,
          hangedman_abyss_or_decor_stagger, minmay_fractal_squares_diagonal_5
D:9:      layout_loops_ring, hangedman_ru_absence, orc_0_dummy, serial_shops,
          shop_statue, nicolae_specific_store, minmay_curled_crystal,
          hangedman_misty_isle
D:10:     layout_long_grid, enter_bailey_5
D:11:     layout_grid_maze, david_lair_shrubbed, uniq_snorg
D:12:     layout_big_octagon
D:13:     gammafunk_beogh_shrine, layout_long_grid, serial_glass,
          glass_columns_c, glass_columns_b, enter_trove_3
D:14:     layout_loops_ring, erik_vaults_2, minmay_hedge_maze,
          kennysheep_four_rooms
D:15:     grunt_enter_depths_magical_seal, layout_loops_ring,
          gauntlet_entry_generic, lightli_corner_chamber
Lair:1:   layout_small_grid, portal_ice_cave_entry_pillars_1,
          beast_lair_carwin_3
Lair:2:   dreamdust_labyrinth, layout_cave_pods, serial_bayou_shore_a
Lair:3:   layout_layer_cave, elwin_shoals_entry_rooms,
          minmay_snake_entry_guardpost_small, nicolae_volcano_entry_vermiform,
          minivault_27, lemuel_fruit_fields, lemuel_fruit_fields, uniq_josephine
Lair:4:   cheibrodos_lair_river_kwai, layout_hall_layers,
          dpeg_slime_entry_enclosed, nzn_masters_of_martial_movement
Lair:5:   minmay_lair_end_frog_pond, layout_hall_layers, grunt_megastairs_5
Shoals:1: layout_shoals, nicolae_shoals_mertower
Shoals:2: layout_shoals
Shoals:3: layout_shoals, nicolae_shop_firing_range
Shoals:4: shoals_end_hellmonk_lost_city, serial_shops
Snake:1:  layout_layer_cave, beargit_elvish_explorers, uniq_aizul
Snake:2:  layout_onion_interference, nicolae_stop_n_shop_2, serial_bayou_shore_b
Snake:3:  layout_misc_corridors, serial_shops, nicolae_shop_statue_plus,
          uniq_louise
Snake:4:  grunt_snake_rune_spirals, layout_onion_interference, serial_shops,
          shop_fountains
Slime:1:  layout_caves
Slime:2:  layout_caves, cheibrodos_slime_lost_civilization_5
Slime:3:  layout_caves
Slime:4:  layout_caves
Slime:5:  slime_pit
Orc:1:    layout_diamond_mine
Orc:2:    grunt_orc_cross, layout_caves
Elf:1:    nicolae_elf_arrival_dilemma, layout_geoelf_octagon, serial_shops,
          shop, orc_legates, minmay_shop_grove
Elf:2:    elven_hall_of_blades_hangedman_original [nicolae_blade_bullseye],
          layout_loops_corners, serial_shops, shop
Elf:3:    minmay_elf_hall_statues, layout_rooms, amethyst_killhole,
          uniq_asterion, uniq_mara
Vaults:1: v_rooms_2, vaults_room_boxed, nicolae_vaults_tetromino_L_2,
          nicolae_vaults_storage_closets_2, v_alt_pattern_3,
          dpeg_vaults_monster_box, grunt_vaults_funnel, ontoclasm_vaults_echo,
          v_misc_32, vaults_dpeg_diagonal, nicolae_vaults_house_1,
          nicolae_vaults_double_plus_1, nicolae_vaults_trapezoid_lopsided_1,
          layout_vaults_maze_snakey, uniq_nikola
Vaults:2: grunt_vaults_hallway_long, minmay_crypt_entry_simple_statues,
          v_misc_29, nicolae_vaults_weapon_check, grunt_vaults_swirl,
          v_pattern_3, v_misc_2, ontoclasm_vaults_eye,
          ontoclasm_vaults_ligature, nicolae_vaults_storage_room_glass,
          vaults_room_guarded_vault, nicolae_vaults_little_squares_4,
          ontoclasm_vaults_tryst, vaults_room_semicircle,
          nicolae_vaults_little_squares_2, layout_vaults_ring
Vaults:3: hangedman_vaults_maws, nicolae_vaults_wine_cellar,
          nicolae_vaults_heist, nicolae_vaults_border_crossing, v_pattern_5,
          nicolae_vaults_trapezoid_layered, v_misc_27,
          nicolae_vaults_display_case, layout_vaults_omnigrid, serial_shops,
          shop
Vaults:4: gammafunk_ghost_abyssal_escape, nicolae_vaults_tetromino_T_2,
          nicolae_vaults_diffraction_hallways, nicolae_vaults_spaceships,
          v_misc_26, ontoclasm_vaults_ring_large,
          nicolae_vaults_closet_pinwheel_4, v_rooms_4, layout_vaults_omnibox,
          uniq_frederick, uniq_sojobo
Vaults:5: serial_shops
Crypt:1:  layout_rooms, grunt_megastairs_2
Crypt:2:  layout_chaotic_city, lemuel_upstairs_altar
Crypt:3:  evilmike_haunted_forest
Depths:1: layout_small_grid, chequers_serial_rivers_micro_a, hell_entry,
          kennysheep_decorative_pillar, minmay_metal_thing, firewood_loft,
          uniq_norris
Depths:2: minmay_box_of_curves, layout_long_grid, pan_entry,
          pf_hell_entry_tar_spiral, abyss_entry
Depths:3: box_level_dp, abyss_entry, hell_entry
Depths:4: evilmike_zot_entry_hall, layout_gridlike, enter_ziggurat_c,
          xom_teletrap_fun, minmay_room_of_horrors, grunt_hell_entry_dis_grunt
Hell
Zot:1:    layout_gridlike
Zot:2:    layout_twisted_circle, hellmonk_zot_clocked, uniq_tiamat
Zot:3:    layout_misc_corridors, hellmonk_greenhouse_of_terror
Zot:4:    layout_cellular_growth
Zot:5:    layout_gridlike

Skill      XL: |  1  2  3  4  5  6  7  8  9 10 11 12 13 14 15 16 17 18 19 20 21 22 23 24 25 26 27 |
---------------+----------------------------------------------------------------------------------+-----
Fighting       | 2 3 4 5 6 7 10 12 14 15 17 18 19 20 21 22 | 22.4
Short Blades   | 1 |  1.0
Stealth        | 2 3 4 |  4.0
Invocations    | 2 5 6 9 10 | 10.0
Evocations     | 2 5 7 11 12 16 | 16.0
Throwing       | 2 8 15 16 | 16.0
Armour         | 3 6 10 12 14 15 17 18 19 20 21 22 | 22.4
Long Blades    | 7 11 15 | 15.9
Shields        | 2 4 6 7 9 12 13 14 15 16 18 19 20 | 20.4
Dodging        | 4 5 10 15 16 | 16.0
Axes           | 6 12 | 12.7
Translocations | 11 16 27 | 27.0
Air Magic      | 8 12 | 12.0
Spellcasting   | 4 5 |  5.0
Ranged Weapons | |  0.9
Necromancy     | |  3.6

Action                     |  1- 3 |  4- 6 |  7- 9 | 10-12 | 13-15 | 16-18 | 19-21 | 22-24 | 25-27 || total
---------------------------+-------+-------+-------+-------+-------+-------+-------+-------+-------++-------
  Melee: Dagger            |     5 |     9 |     6 |       |       |       |       |       |       ||    20
         Trident           |       |       |     1 |       |       |       |       |       |       ||     1
         Scimitar          |       |       |    20 |   372 |   782 |   337 |       |       |       ||  1511
         Double sword      |       |       |       |       |       |   407 |   841 |   820 |  1582 ||  3650
         Broad axe         |       |       |       |       |       |    37 |       |       |       ||    37
   Fire: Sling             |       |       |    13 |       |       |       |       |       |       ||    13
  Throw: Dart              |       |       |    47 |    52 |    51 |     9 |     3 |     7 |    20 ||   189
         Throwing net      |       |       |     3 |       |     2 |       |       |     3 |     2 ||    10
         Javelin           |       |       |       |       |     1 |     7 |     4 |    63 |   104 ||   179
         Boomerang         |       |       |       |       |       |     3 |    10 |   144 |   355 ||   512
   Cast: Necrotise         |    44 |    39 |     8 |       |       |       |       |       |       ||    91
         Vhi's Electric Ch |       |       |       |       |       |       |       |       |    84 ||    84
         Blink             |       |       |       |       |       |       |       |       |    10 ||    10
         Passage of Golubr |       |       |       |       |       |       |       |       |    25 ||    25
         Apportation       |       |       |       |       |       |       |       |       |     5 ||     5
         Dispersal         |       |       |       |       |       |       |       |       |     1 ||     1
 Invoke: Recall Ancestor   |     2 |     3 |     7 |     4 |    18 |    10 |    18 |    29 |    16 ||   107
         Ancestor Identity |     1 |       |       |       |       |       |       |       |       ||     1
         Ancestor Life: Ba |       |     1 |       |       |       |       |       |       |       ||     1
         Idealise          |       |       |       |       |     4 |     3 |     2 |     4 |    11 ||    24
         Transference      |       |       |       |       |       |       |       |     4 |     2 ||     6
Ability: Hop               |     3 |     3 |     4 |     1 |     4 |     6 |     6 |    12 |    22 ||    61
  Evoke: Wand              |       |       |     7 |     3 |    37 |     6 |     3 |     9 |    54 ||   119
         Condenser vane    |       |       |       |       |     1 |     1 |     1 |     1 |     4 ||     8
         Box of beasts     |       |       |       |       |     1 |       |       |     3 |     4 ||     8
         Lightning rod     |       |       |       |       |       |     7 |     6 |     7 |     7 ||    27
         Phial of floods   |       |       |       |       |       |       |     1 |       |     1 ||     2
         Phantom mirror    |       |       |       |       |       |       |       |     3 |     4 ||     7
         Sack of spiders   |       |       |       |       |       |       |       |       |     1 ||     1
    Use: Potion            |     1 |       |     3 |       |     6 |     1 |     3 |     7 |    18 ||    39
         Scroll            |       |    10 |     8 |    13 |     6 |     2 |     1 |    16 |    15 ||    71
   Stab: Sleeping          |       |     1 |       |       |       |       |       |       |       ||     1
         Held in net/web   |       |       |     1 |       |       |       |       |     3 |     2 ||     6
         Distracted        |       |       |       |     8 |    22 |    17 |    37 |    22 |    36 ||   142
         Betrayed ally     |       |       |       |       |       |       |       |     2 |     1 ||     3
         Invisible         |       |       |       |       |       |       |       |       |     9 ||     9
 Armour: Robe              |     6 |     5 |       |       |       |       |       |       |       ||    11
         Chain mail        |       |       |    29 |   181 |       |    37 |       |       |       ||   247
         Plate armour      |       |       |       |   374 |   889 |   704 |   829 |   581 |       ||  3377
         Storm dragon scal |       |       |       |       |       |       |       |   165 |  1073 ||  1238
         Skin              |       |       |       |       |       |       |       |       |     5 ||     5
  Dodge: Dodged            |     4 |     6 |     7 |   108 |   155 |   169 |   196 |   188 |   436 ||  1269
  Block: Buckler           |       |       |     5 |   172 |       |       |       |       |       ||   177
         Kite shield       |       |       |       |    12 |   538 |   585 |   632 |   534 |   695 ||  2996
         Tower shield      |       |       |       |       |       |       |       |       |   335 ||   335

Table legend: (Time is in decaauts)
 A = Elapsed time spent in this place.
 B = Non-inter-level travel time spent in this place.
 C = Inter-level travel time spent in this place.
 D = Time resting spent in this place.
 E = Time spent auto-exploring this place.
 F = Levels seen in this place.
 G = Mean time per level.
                   A        B        C        D        E       F      G
               +--------+--------+--------+--------+--------+-----+--------+
         Total |  78281 |  62308 |  15973 |   5429 |  37874 |  61 | 1283.3 |
       Dungeon |  21553 |  15234 |   6319 |   1264 |  10256 |  15 | 1436.9 |
          Lair |   7351 |   5699 |   1652 |     98 |   3834 |   5 | 1470.2 |
        Shoals |   4490 |   3807 |    683 |    269 |   2363 |   4 | 1122.5 |
     Snake Pit |   4349 |   3984 |    365 |    781 |   1885 |   4 | 1087.2 |
    Slime Pits |   2031 |   1820 |    211 |    333 |    887 |   5 |  406.2 |
  Orcish Mines |   1853 |   1223 |    630 |     44 |    890 |   2 |  926.5 |
   Elven Halls |   4595 |   3830 |    765 |    407 |   2205 |   3 | 1531.7 |
        Vaults |   9749 |   7492 |   2257 |    539 |   4278 |   5 | 1949.8 |
         Crypt |   3640 |   3294 |    346 |    179 |   2060 |   3 | 1213.3 |
        Depths |   8103 |   6207 |   1896 |    334 |   3705 |   4 | 2025.8 |
          Hell |    486 |    435 |     51 |      0 |    223 |   1 |  486.0 |
           Zot |   7579 |   6786 |    793 |   1053 |   4368 |   5 | 1515.8 |
         Trove |    100 |    100 |      0 |      0 |      0 |   1 |  100.0 |
        Bailey |    588 |    588 |      0 |     60 |    128 |   1 |  588.0 |
      Ice Cave |   1128 |   1128 |      0 |     60 |    505 |   1 | 1128.0 |
       Volcano |    250 |    250 |      0 |      4 |     42 |   1 |  250.0 |
      Gauntlet |    429 |    429 |      0 |      0 |    238 |   1 |  429.0 |
               +--------+--------+--------+--------+--------+-----+--------+

Top non-repeatable levels by time:
   Zot:5: 2676 daAuts
Depths:3: 2473 daAuts
Depths:4: 2256 daAuts
  Lair:3: 2189 daAuts
Vaults:5: 2161 daAuts
Vaults:3: 2013 daAuts
 Crypt:3: 2010 daAuts
Vaults:2: 1995 daAuts
Depths:2: 1916 daAuts
     D:1: 1886 daAuts
    D:11: 1870 daAuts
Vaults:4: 1853 daAuts
    D:15: 1831 daAuts
Vaults:1: 1726 daAuts
    D:10: 1725 daAuts
